 Dungeon Crawl Stone Soup version 0.29.1-4-g47bece8355 (webtiles) character file.

Game seed: 7084276908573650832

21 CaptainMV the Magician (level 2, -5/26 HPs)
             Began as a Gnoll Wanderer on Dec 6, 2022.
             Was a Believer of Zin.
             Slain by a worm (8 damage)
             ... on level 2 of the Dungeon.
             The game lasted 00:19:41 (838 turns).

CaptainMV the Magician (Gnoll Wanderer)              Turns: 838, Time: 00:19:41

Health: -5/26      AC:  2    Str:  8    XL:     2   Next: 87%
Magic:  9/10       EV: 11    Int: 15    God:    Zin [**....]
Gold:   49         SH:  0    Dex: 10    Spells: 14/15 levels left

rFire   . . .      SeeInvis .   a - +3 short sword
rCold   . . .      Faith    .   (no shield)
rNeg    . . .      Spirit   .   c - +0 robe
rPois   .          Reflect  .   (no helmet)
rElec   .          Harm     .   (no cloak)
rCorr   .          Rampage  .   (no gloves)
Will    .....                   (no boots)
Stlth   +.........              (no amulet)
HPRegen 0.08/turn               (no ring)
MPRegen 0.12/turn               (no ring)

@: no status effects
A: fangs 1, strong nose, distributed training
a: Renounce Religion, Recite, Vitalisation, Donate Gold


You were on level 2 of the Dungeon.
You worshipped Zin.
Zin was pleased with you.
You visited 1 branch of the dungeon, and saw 2 of its levels.

You collected 93 gold pieces.
You donated 44 gold pieces to Zin.

Inventory:

Hand Weapons
 a - a +3 short sword (weapon)
Missiles
 f - 11 stones (quivered)
Armour
 c - a +0 robe (worn)
Scrolls
 d - a scroll of fear {unknown}
 g - a scroll of amnesia {unknown}
 h - a scroll of identify {unknown}
Potions
 b - a potion of haste
 e - 2 potions of heal wounds {unknown}


   Skills:
 + Level 4.5 Fighting
 + Level 4.5 Short Blades
 + Level 0.5 Long Blades
 + Level 0.5 Axes
 + Level 0.5 Maces & Flails
 + Level 0.5 Polearms
 + Level 0.5 Staves
 + Level 0.5 Ranged Weapons
 + Level 0.5 Throwing
 + Level 2.5 Armour
 + Level 0.5 Dodging
 + Level 0.5 Stealth
 + Level 0.5 Shields
 + Level 0.5 Unarmed Combat
 + Level 7.1 Spellcasting
 + Level 0.4 Conjurations
 + Level 0.4 Hexes
 + Level 2.0 Summonings
 + Level 0.4 Necromancy
 + Level 0.4 Translocations
 + Level 0.4 Transmutations
 + Level 0.4 Fire Magic
 + Level 0.4 Ice Magic
 + Level 0.4 Air Magic
 + Level 0.4 Earth Magic
 + Level 0.4 Poison Magic
 + Level 2.5 Invocations
 + Level 0.5 Evocations


You had 14 spell levels left.
You knew the following spells:

 Your Spells              Type           Power      Damage    Failure   Level
a - Summon Small Mammal   Summ           44%        N/A       5%          1

Your spell library contained the following spells:

 Spells                   Type           Power      Damage    Failure   Level
 Call Canine Familiar     Summ           11%        N/A       17%         3


Dungeon Overview and Level Annotations

Branches:
Dungeon (2/15)

Altars:
Zin


Innate Abilities, Weirdness & Mutations

You have very sharp teeth.
Your uncanny sense of smell can sniff out nearby items.
Your experience applies equally to all skills.


Message History

Found 4 stones.
You pay a tithe of 1 gold.
You now have 40 gold pieces (gained 6).
Found a spear.
Found 10 gold pieces.
h - a scroll labelled JECIEH ZOTEA
f - 11 stones (gained 4)
You pay a tithe of 1 gold.
You can now call upon Zin for vitalisation.
You now have 49 gold pieces (gained 9).
A ball python comes into view.
The ball python hisses angrily.
You barely miss the ball python.
The ball python bites you but does no damage.
The ball python barely misses you.
You hit the ball python.
You kill the ball python!
An adder comes into view.
A worm comes into view.
You barely miss the worm. Your punch misses the worm.
The worm barely misses you.
You barely miss the worm. You barely miss the worm. The worm misses you.
You hit the worm.
The worm is lightly wounded.
You hit the worm.
The worm is moderately wounded.
The worm completely misses you.
You hit the worm. Your punch misses the worm.
The worm is heavily wounded.
You barely miss the worm.
The worm is heavily wounded.
The worm bites you!
* * * LOW HITPOINT WARNING * * *
Casting: Summon Small Mammal (safe; 5% risk of failure)
Confirm with . or Enter, or press ? or * to list all spells.
You don't know that spell.
Casting: Summon Small Mammal (safe; 5% risk of failure)
Confirm with . or Enter, or press ? or * to list all spells.
Your bat closely misses the worm.
The worm bites you!
You die...

.......)..#....#..###...
######.##<..#.###.#.#.###
..........#...........#
####.#..#.#.#.#)#####.#
#.#..#.#.#.#.# #.#
#.#..#.#.#.#.#####.#
..#..#.............#
########.#.#.#######
.......b@.......#
######.#w#.####.#
#...#......# #.###.######
## ###


You could see a worm (ally target) and a friendly bat (summoned).

Vanquished Creatures
  A dart slug (D:1)
  3 ball pythons
  4 bats
  An endoplasm (D:1)
  A giant cockroach (D:1)
  A goblin (D:1)
  A hobgoblin (D:1)
  2 quokkas
  2 kobolds
  A rat (D:2)
17 creatures vanquished.

Vanquished Creatures (others)
  A plant (D:1)
1 creature vanquished.

Grand Total: 18 creatures vanquished

Notes
Turn   | Place    | Note
-------+----------+-------------------------------------------
     0 | D:1      | CaptainMV the Gnoll Wanderer began the quest for the Orb.
     0 | D:1      | CaptainMV set off with the following items: a +3 short
                  | sword, a potion of haste, a +0 robe; and the following
                  | spell memorised: Summon Small Mammal; and the following
                  | spells available to memorise: Call Canine Familiar.
     0 | D:1      | Reached XP level 1. HP: 20/20 MP: 8/8
   282 | D:1      | Reached XP level 2. HP: 20/26 MP: 10/10
   482 | D:1      | Found a faded altar of an unknown god.
   495 | D:1      | Prayed at the altar of an unknown god.
   495 | D:1      | Became a worshipper of Zin the Law-Giver
   495 | D:1      | Reached * piety under Zin
   502 | D:1      | Donated 35 gold pieces to Zin
   789 | D:2      | Reached ** piety under Zin
   838 | D:2      | Slain by a worm

Illustrated notes

Levels and vault maps discovered:
D:1:      dpeg_arrival_central, layout_loops_ring,
          dreamdust_ecumenical_altar_hidden_monk_grotto
D:2:      minmay_chambers_of_ones, layout_basic, minmay_heptomino_h4,
          uniq_jessica

Skill      XL: |  1 |
---------------+----+-----
Summonings     | 2 |  2.0
Fighting       | |  4.5
Short Blades   | |  4.5
Long Blades    | |  0.5
Axes           | |  0.5
Maces & Flails | |  0.5
Polearms       | |  0.5
Staves         | |  0.5
Ranged Weapons | |  0.5
Throwing       | |  0.5
Armour         | |  2.5
Dodging        | |  0.5
Stealth        | |  0.5
Shields        | |  0.5
Unarmed Combat | |  0.5
Spellcasting   | |  7.1
Conjurations   | |  0.4
Hexes          | |  0.4
Necromancy     | |  0.4
Translocations | |  0.4
Transmutations | |  0.4
Fire Magic     | |  0.4
Ice Magic      | |  0.4
Air Magic      | |  0.4
Earth Magic    | |  0.4
Poison Magic   | |  0.4
Invocations    | |  2.5
Evocations     | |  0.5

Action                   || total
-------------------------++-------
Melee: Short sword       ||    62
       Bite              ||     2
Throw: Stone             ||     4
 Cast: Summon Small Mamm ||     3
Invok: Donate Gold       ||     1
Armor: Robe              ||    15
Dodge: Dodged            ||    47
